[Event "Pan-American Collegiate-ch 2025"]
[Site "Charlotte"]
[Date "2025.01.04"]
[Round "4.2"]
[White "Quesada Perez, Yasser"]
[Black "Brodsky, David"]
[Result "1/2-1/2"]
[Annotator "TA"]
[ECO "C42"]
[WhiteElo "2584"]
[BlackElo "2519"]
[PlyCount "165"]
[EventDate "2025.01.02"]
[EventType "team-tourn"]
[EventCountry "USA"]
[SourceTitle "playchess.com"]
[Source "ChessBase"]
[SourceQuality "1"]
[TimeControl "5400+30"]

1. e4 e5 2. Nf3 Nf6 3. Nxe5 d6 4. Nf3 Nxe4 5. d3 Nf6 6. d4 g6 7. Bd3 Bg7 8. O-O O-O 9. c3 c5 10. Bf4 Nc6 11. dxc5 dxc5 12. Na3 a6 13. Bc2 Bg4 14. h3 Qxd1 15. Bxd1 Bf5 16. Bd6 Rfe8 17. Bxc5 b5 18. Nc2 Bd3 19. Re1 Ne4 20. Bd4 Bh6 21. Be3 Bg7 22. Ncd4 Na5 23. Be2 Bxe2 24. Rxe2 Nc4 25. a4 bxa4 26. Rxa4 Rec8 27. Bf4 Nf6 28. Be5 Nd5 29. Bxg7 Kxg7 30. Ne5 Nxe5 31. Rxe5 Nb6 32. Ra2 Nc4 33. Re1 a5 34. Rea1 a4 35. Nc2 Rab8 36. Nb4 h5 37. Nd3 Rd8 38. Rxa4 Nxb2 39. Nxb2 Rxb2 40. Rf4 Rd7 41. Rc1 Rc7 42. h4 Rcb7 43. Kf1 Rc7 44. g3 Rc5 45. c4 Ra2 46. Rc3 Rb2 47. Kg2 f5 (47... f6 $14) 48. Rd4 $16 Rb6 (48... Kf7 $16 {might work better.} 49. Rd7+ Ke6) 49. Kf3 Kf6 50. Ke3 Ke5 (50... Re5+ $16 51. Kd3 Rc5) 51. Rd8 $18 Rb2 52. Re8+ Kf6 53. f4 Kf7 54. Ra8 Rc6 55. c5 $1 Rb4 56. Kd3 Ke6 57. Re8+ Kd7 58. Rg8 Ke7 59. Rc4 Rb1 60. Rc3 Rb4 $1 61. Ra8 Ke6 $1 62. Rd8 Ra4 63. Rc4 $2 ({White should play} 63. Rc1 $18) 63... Ra1 $2 {[%emt 0:00:19] [#]} (63... Ra3+ $11 {and Black has nothing to worry.} 64. Kd4 Ra2 65. Re8+ Kf7) 64. Re8+ $1 $18 Kd7 {[%emt 0:00:38] [#]} 65. Re2 $2 (65. Rg8 $1 $18) 65... Ra3+ $11 66. Kd4 Rxg3 67. Kd5 Rd3+ 68. Rd4 Rxd4+ 69. Kxd4 Ra6 70. Kd5 Ra1 71. c6+ Kd8 72. Re6 Rd1+ 73. Ke5 Rg1 74. Kd6 Rd1+ 75. Kc5 Rc1+ 76. Kd4 Rd1+ 77. Ke5 Rg1 78. Rf6 (78. Kd6 $5 Rd1+ $8 79. Ke5 $11) 78... Kc7 79. Kd5 Rd1+ 80. Ke6 Rg1 81. Kd5 Rd1+ 82. Ke6 Rg1 83. Kd5 1/2-1/2

[Event "Pan-American Collegiate-ch 2025"]
[Site "Charlotte"]
[Date "2025.01.04"]
[Round "4.3"]
[White "Parkhov, Yair"]
[Black "Harsha Bharathakoti"]
[Result "1/2-1/2"]
[Annotator "TA"]
[ECO "A33"]
[WhiteElo "2508"]
[BlackElo "2530"]
[PlyCount "49"]
[EventDate "2025.01.02"]
[EventType "team-tourn"]
[EventCountry "USA"]
[SourceTitle "playchess.com"]
[Source "ChessBase"]
[SourceQuality "1"]
[TimeControl "5400+30"]

1. Nf3 c5 2. c4 Nc6 3. d4 cxd4 4. Nxd4 Nf6 5. Nc3 e6 6. g3 Qb6 7. Nb3 Ne5 8. e4 Bb4 9. Qe2 d6 $1 10. Bd2 a5 11. f4 Nc6 12. Be3 Qc7 13. Bg2 a4 14. Nd2 Bxc3 15. bxc3 b6 16. O-O {[%emt 0:02:04][%cal Oe4e5] Hoping for e5!.} O-O 17. Rab1 Nd7 18. f5 Ba6 19. Rf4 (19. e5 $11 exf5 20. exd6 Qxd6 21. Rxf5) 19... Nce5 $15 20. Rb4 Bb7 (20... Rfe8 $15) 21. g4 (21. fxe6 $11 fxe6 22. Rxf8+ Kxf8 (22... Rxf8 23. Rxa4 h6 24. Ra7 $11) 23. Bxb6 Nxb6 24. Qf2+ Ke7 25. Qxb6 Qxb6+ 26. Rxb6) 21... Rfe8 22. Rb1 Ba6 23. Rb4 Bb7 24. Rb1 $1 Ba6 25. Rb4 $1 1/2-1/2

[Event "Pan-American Collegiate-ch 2025"]
[Site "Charlotte"]
[Date "2025.01.04"]
[Round "4.4"]
[White "Cordova, Emilio"]
[Black "Rahul Srivatshav P"]
[Result "1/2-1/2"]
[Annotator "TA"]
[ECO "A38"]
[WhiteElo "2533"]
[BlackElo "2492"]
[PlyCount "36"]
[EventDate "2025.01.02"]
[EventType "team-tourn"]
[EventCountry "USA"]
[SourceTitle "playchess.com"]
[Source "ChessBase"]
[SourceQuality "1"]
[TimeControl "5400+30"]

1. Nf3 Nf6 2. g3 c5 3. c4 g6 4. Nc3 Bg7 5. Bg2 O-O 6. O-O Nc6 7. d3 d5 8. cxd5 Nxd5 9. Bd2 b6 10. Qa4 Bb7 11. Rac1 {[%emt 0:10:42] The position is equal.} Rc8 12. Rfe1 Ba8 13. a3 a5 14. Nxd5 Qxd5 15. Bc3 Rfd8 16. Ne5 Qe6 17. Nxc6 Bxc6 18. Bxc6 Qxc6 {[%emt 0:00:46] An uneventful encounter.   Weighted Error Value: White=0.02 (flawless) /Black=0.04 (flawless) .  Inaccurate:     	---       	Black=1      OK:         	White=5     	Black=3} 1/2-1/2

[Event "Pan-American Collegiate-ch 2025"]
[Site "Charlotte"]
[Date "2025.01.04"]
[Round "4.5"]
[White "Gazik, Viktor"]
[Black "Khanin, Semen"]
[Result "0-1"]
[Annotator "TA"]
[ECO "C45"]
[WhiteElo "2579"]
[BlackElo "2572"]
[PlyCount "48"]
[EventDate "2025.01.02"]
[EventType "team-tourn"]
[EventCountry "USA"]
[SourceTitle "playchess.com"]
[Source "ChessBase"]
[SourceQuality "1"]
[TimeControl "5400+30"]

1. e4 e5 2. Nf3 Nc6 3. d4 exd4 4. Nxd4 Nf6 5. Nxc6 bxc6 6. e5 Qe7 7. Qe2 Nd5 8. h4 a5 9. c4 Nb6 10. Be3 Qxe5 11. Nd2 Bb4 {[%emt 0:06:06][%cal Ob6c4] Black is more active.} (11... Qxb2 12. Bg5+ (12. Bxb6+ Kd8 $18)) 12. O-O-O O-O 13. Nf3 Qe7 $36 {[%emt 0:00:08][%mdl 2048] White is under pressure.} 14. Qc2 $1 d5 15. Ng5 f5 (15... g6 $15 16. h5 Bf5) 16. cxd5 cxd5 17. Be2 (17. a3 $11 {remains equal.} Bd6 18. Bxb6 cxb6 19. Rxd5) 17... Rb8 (17... h6 $17 18. Nh3 Nc4 (18... Qxh4 $2 {is the wrong capture.} 19. Ng5 $18) 19. Bxc4 dxc4) 18. Bf3 {[%emt 0:01:32] [#]} (18. a3 $15 Bd6 19. Rhe1) 18... c6 $1 $19 19. Qxc6 $2 {[%emt 0:08:50] [#]} (19. a3 {was worth a try.} Bd6 20. Qxc6) 19... Bd7 $1 20. Bxd5+ Kh8 21. Qxb6 Rxb6 22. Bxb6 Ba4 {[%emt 0:06:43][%cal Oe7e2] Hoping for ...Qe2!.} 23. b3 $2 {[%emt 0:01:22] [#]} (23. Kb1 $19 Qe2 (23... Bxd1 $2 24. Rxd1 Qe2 25. Bf3 $19) 24. Bf3) 23... Qe2 $1 24. Bd4 Qxa2 (24... Rc8+ 25. Kb1 Be8 (25... Qc2+ 26. Ka1 $11) 26. Be6 Qc2+ 27. Ka1 Bc3+ 28. Bxc3 Qxc3+ 29. Kb1 $19) 0-1

[Event "Pan-American Collegiate-ch 2025"]
[Site "Charlotte"]
[Date "2025.01.04"]
[Round "4.6"]
[White "Matviishen, Viktor"]
[Black "Dudin, Gleb"]
[Result "0-1"]
[Annotator "TA"]
[ECO "E42"]
[WhiteElo "2548"]
[BlackElo "2516"]
[PlyCount "92"]
[EventDate "2025.01.02"]
[EventType "team-tourn"]
[EventCountry "USA"]
[SourceTitle "playchess.com"]
[Source "ChessBase"]
[SourceQuality "1"]
[TimeControl "5400+30"]

1. d4 Nf6 2. c4 e6 3. Nc3 Bb4 4. e3 b6 5. Nge2 c5 6. a3 Ba5 7. Bd2 O-O 8. d5 exd5 9. Nxd5 Nxd5 10. cxd5 Bxd2+ 11. Qxd2 d6 12. Nc3 a6 13. a4 Re8 14. Bd3 Nd7 15. f4 Nf6 16. O-O Bd7 17. h3 Qc8 18. e4 b5 19. axb5 c4 20. Bc2 axb5 21. Rxa8 Qxa8 22. Re1 b4 23. Nd1 Qa7+ 24. Kh2 Qc5 25. Re3 h5 26. Qe1 (26. Re1 $17) 26... Kf8 (26... Ra8 $19 {And now ...Ra1 would win.} 27. Rg3 Re8) 27. Qd2 Kg8 (27... Bb5 $17 28. Qf2 Ra8) 28. Re1 (28. Qe1 $1 $11) 28... h4 $17 29. g3 (29. Nf2 $17 {was called for.}) 29... hxg3+ 30. Kxg3 Ba4 31. Bxa4 Nxe4+ (31... Rxe4 32. Bc2 Rxe1 (32... Qxd5 $2 33. Qxd5 Rxe1 34. Qxc4 $18) (32... c3 33. bxc3 Rxe1 34. Qxe1 $16) 33. Qxe1 $14) 32. Rxe4 Rxe4 33. Bc2 Qg1+ 34. Kf3 {[%emt 0:00:10] [#]} Qh1+ (34... Re8 $1 $19 35. Ne3 Re7) 35. Kg3 $17 Re1 (35... Qg1+ 36. Kf3 Rd4 37. Qe3 Qxe3+ (37... Rxd1 38. Qe8#) (37... Qh1+ $2 38. Ke2 $18) 38. Nxe3) ({Black should play} 35... Re8 $17 36. b3 c3) 36. Ne3 $1 $15 b3 (36... Rg1+ 37. Ng2 $16) 37. Ng2 $2 ({White must play} 37. Be4 $1 $15 Qg1+ (37... Qxe4 38. Qxe1 Qd3 39. Kf3 $11) 38. Kf3) 37... Re8 $19 38. Bf5 g6 39. Bd7 Re7 $2 (39... c3 $19 40. Qxc3 Re2) 40. Bg4 $15 Qb1 41. f5 $2 (41. Qc3 $1 $15) 41... Re5 (41... gxf5 42. Qg5+ Kf8 43. Qf6 f4+ (43... fxg4 44. Qh8#) (43... Qd3+ 44. Bf3 $14) 44. Nxf4 (44. Kxf4 $2 Qe4+ 45. Kg3 Qe5+ 46. Qf4 f5 $19) (44. Kh2 $2 Qg6 $19) 44... Qe1+ 45. Kg2 Qd2+ 46. Kg3 Qe3+ 47. Kg2 Qd2+ 48. Kg3 Qe1+ 49. Kg2 Qd2+ $11) 42. fxg6 $2 (42. f6 Kh7 43. h4) 42... Qxg6 $19 43. Qb4 Qd3+ (43... Rxd5 44. Nf4 (44. Qxc4 $2 {is the wrong capture.} Qd3+ 45. Qxd3 Rxd3+ 46. Bf3 Rd2 $19) 44... Rd3+ 45. Kh2 $11 (45. Nxd3 Qxd3+ 46. Bf3 Kf8 $11)) 44. Kh4 Qd4 ({Worse is} 44... Rxd5 45. Nf4 Qh7+ 46. Kg3 Rd3+ 47. Nxd3 Qxd3+ 48. Bf3 $11) 45. Kg3 Rxd5 46. h4 Qe5+ 0-1

[Event "Pan-American Collegiate-ch 2025"]
[Site "Charlotte"]
[Date "2025.01.04"]
[Round "4.7"]
[White "Beradze, Irakli"]
[Black "Bilych, Oleksii"]
[Result "1-0"]
[Annotator "TA"]
[ECO "A13"]
[WhiteElo "2498"]
[BlackElo "2445"]
[PlyCount "135"]
[EventDate "2025.01.02"]
[EventType "team-tourn"]
[EventCountry "USA"]
[SourceTitle "playchess.com"]
[Source "ChessBase"]
[SourceQuality "1"]
[TimeControl "5400+30"]

1. Nf3 d5 2. g3 Nf6 3. Bg2 c5 4. O-O e6 5. c4 d4 6. e3 Nc6 7. exd4 cxd4 8. d3 Bd6 9. Na3 O-O 10. Nc2 e5 11. b4 a5 (11... Re8 $11 {keeps the balance.}) 12. c5 $1 $16 Bb8 13. b5 Nb4 14. Nxb4 axb4 15. Qb3 Bd7 ({Better is} 15... Be6 $14 16. Qxb4 Nd5) 16. Re1 (16. Qxb4 $16 {And now Nd2 would win.} Qa5 17. Qxa5 Rxa5 18. b6 (18. Re1 Re8 $14)) 16... Qa5 17. Nxe5 Be6 (17... Bxe5 $14 18. Rxe5 Qxb5) 18. Qb2 {[%emt 0:06:57] White is more active.} (18. Nc4 $1 $16 Qxb5 19. Bd2) 18... Qxb5 $11 19. Qxd4 Ba7 (19... Rc8 $11) 20. Be3 $14 Rac8 $1 21. a4 bxa3 22. Reb1 $36 {[%emt 0:01:35][%mdl 2048] White has good play.} Qxc5 23. Qf4 Qa5 24. Bxa7 Qxa7 25. Rxb7 Qa5 $2 {[%emt 0:01:09] [#]} (25... Qa6 $11 {and Black has nothing to worry.}) 26. Nc6 $1 $18 Rxc6 (26... Qc3 27. Rc1 Rxc6 28. Bxc6 Qxd3 29. Rb8 $11 (29. Bb5 Qd8 $11)) 27. Bxc6 a2 28. Rb8 h5 29. Bb5 Rxb8 (29... Qc3 $16 30. Rxf8+ Kxf8 31. Qb8+ Ke7 32. Qa7+ Kd6 33. Qa6+ Kc7) 30. Qxb8+ Kh7 31. Bc4 Qc3 32. Rxa2 Qe1+ 33. Kg2 h4 {[%emt 0:00:25] aiming for ...h3+.} 34. Bxe6 (34. gxh4 Bxc4 35. dxc4 Qe4+ 36. f3 Qxc4 37. Qb1+ g6 $16) 34... Qxe6 {[%emt 0:00:06][%mdl 4096] Endgame KQR-KQN} 35. Ra1 h3+ 36. Kg1 Qd5 37. Qa8 Qxd3 38. Qa6 Qe4 39. Qf1 {[%emt 0:00:09] Inhibits Qg2+.} Qe6 40. Re1 Qf5 41. Qc4 Kg6 42. Qb3 Ng4 43. Qb1 Qxb1 $2 (43... Ne5 44. Qxf5+ Kxf5) 44. Rxb1 {[%emt 0:00:03] KR-KN} Ne5 45. f4 (45. Rb3 $142) 45... Nf3+ 46. Kf2 Nxh2 {[%emt 0:00:05] [#]} 47. Rh1 $1 Ng4+ 48. Kf3 f5 49. Rxh3 Nf6 50. Rh8 Kf7 51. Ra8 g6 52. Ra7+ Kf8 53. Kg2 Ne4 54. Kf3 Nf6 55. Kg2 Ne4 $1 56. Kh3 {[%emt 0:00:00] Threatening mate with g4.} Kg8 $2 (56... Nc5 $18 57. Kg2 Ne4) 57. Kh4 Kf8 58. g4 fxg4 59. Kxg4 Kg8 60. Re7 Nf2+ 61. Kh4 Kf8 62. Re3 Nd1 63. Rb3 Nf2 64. Kg5 Kf7 65. Rb7+ Ke6 66. Kxg6 Nd3 67. f5+ Ke5 68. Rb5+ 1-0

[Event "Pan-American Collegiate-ch 2025"]
[Site "Charlotte"]
[Date "2025.01.04"]
[Round "4.8"]
[White "Kostolansky, Sebastian Lukas"]
[Black "Rodrigue-Lemieux, Shawn"]
[Result "1/2-1/2"]
[Annotator "TA"]
[ECO "C70"]
[WhiteElo "2421"]
[BlackElo "2500"]
[PlyCount "114"]
[EventDate "2025.01.02"]
[EventType "team-tourn"]
[EventCountry "USA"]
[SourceTitle "playchess.com"]
[Source "ChessBase"]
[SourceQuality "1"]
[TimeControl "5400+30"]

1. e4 e5 2. Nf3 Nc6 3. Bb5 a6 4. Ba4 b5 5. Bb3 Na5 6. O-O d6 7. d4 exd4 8. Nxd4 Bb7 {[%emt 0:00:33] [#]} 9. c4 $1 c5 10. Nf5 g6 11. Ng3 Bg7 12. Nc3 Nxb3 13. axb3 b4 14. Nd5 Nf6 15. Bg5 h6 16. Nxf6+ Bxf6 17. Bxf6 Qxf6 18. Qd2 h5 19. Rad1 Rd8 (19... O-O-O $11) 20. f4 (20. Nh1 $14) 20... h4 $11 21. Nh1 $1 h3 (21... Bxe4 $2 22. Rfe1 $18) 22. g3 Qe7 (22... Bxe4 $2 23. Rfe1 $18) 23. Nf2 Kd7 $1 24. e5 Kc7 25. exd6+ Qxd6 26. Qxd6+ Rxd6 27. Rxd6 Kxd6 {[%emt 0:00:05][%mdl 4096] Endgame KRB-KRN} 28. Rd1+ Kc7 29. Rd2 f6 30. Ng4 Rf8 31. Kf2 Be4 32. Ne3 a5 33. Nd5+ Kb7 34. Ne7 Kc7 (34... Re8 $11 35. Rd7+ Kb6) 35. Nd5+ ({Better is} 35. Re2 $1 $14 Bg2 36. Nxg6) 35... Kb7 36. Ne7 Re8 37. Rd7+ Kb8 38. g4 Bc2 39. Nc6+ $1 Kc8 40. Ra7 {[%emt 0:01:02] [#]} (40. Rd2 $11 {remains equal.} Be4 (40... Bxb3 41. Nxa5 Ba4 42. b3 $14) 41. Na7+ (41. Nxa5 $2 Kc7 $19) 41... Kb7 42. Rd7+ (42. Nb5 Re7 $11) 42... Kb6 43. Nb5) 40... Re4 (40... Re6 $1 $17 41. Nxa5 Be4) 41. Ne7+ Kd8 (41... Kb8 $5 42. Nc6+ $8 Kc8 $11) 42. Nd5 Rd4 (42... Bxb3 $2 {is the wrong capture.} 43. Ra8+ (43. Rxa5 Rd4 $14) 43... Kd7 44. Nxf6+ (44. Rxa5 Kc6 $15) 44... Kc6 45. Nxe4 $18) 43. Rxa5 Rd2+ 44. Kg3 Rd3+ 45. Kh4 Rxb3 46. Rxc5 (46. Nxf6 Rxb2 47. Ra8+ Kc7) 46... Rxb2 47. Rb5 b3 48. c5 Be4 (48... Kc8 $11) 49. Nxf6 (49. Rb8+ $1 $14 Kd7 50. Nxf6+ Kc7 51. Rb6) 49... Bd3 50. Rb7 Ba6 $132 {[%emt 0:01:04][%mdl 2048] Black puts up resistance} 51. Rb4 Kc7 52. f5 gxf5 53. g5 {[%emt 0:00:19] aiming for g6.} Rxh2 54. Rxb3 Bf1 55. g6 Rg2 56. Rxh3 (56. Kxh3 Rxg6+ 57. Kh4 Rxf6 $17) 56... Rxg6 {[%emt 0:00:05] and ...Rh6+ should not be overlooked} 57. Rf3 Rxf6 1/2-1/2

[Event "Pan-American Collegiate-ch 2025"]
[Site "Charlotte"]
[Date "2025.01.04"]
[Round "4.9"]
[White "Can, Isik"]
[Black "Kevlishvili, Robby"]
[Result "1/2-1/2"]
[Annotator "TA"]
[ECO "B32"]
[WhiteElo "2543"]
[BlackElo "2560"]
[PlyCount "23"]
[EventDate "2025.01.02"]
[EventType "team-tourn"]
[EventCountry "USA"]
[SourceTitle "playchess.com"]
[Source "ChessBase"]
[SourceQuality "1"]
[TimeControl "5400+30"]

1. e4 c5 2. Nf3 Nc6 3. d4 cxd4 4. Nxd4 e5 5. Nb5 d6 6. c4 g6 7. N1c3 {[%emt 0:01:08] Strongly threatening Nd5.} a6 8. Na3 Bg7 9. Be3 Be6 10. Be2 Rc8 11. O-O Nd4 12. Nd5 1/2-1/2

[Event "Pan-American Collegiate-ch 2025"]
[Site "Charlotte"]
[Date "2025.01.04"]
[Round "4.10"]
[White "Batsuren, Dambasuren"]
[Black "Tari, Aryan"]
[Result "1-0"]
[Annotator "TA"]
[ECO "D35"]
[WhiteElo "2523"]
[BlackElo "2623"]
[PlyCount "85"]
[EventDate "2025.01.02"]
[EventType "team-tourn"]
[EventCountry "USA"]
[SourceTitle "playchess.com"]
[Source "ChessBase"]
[SourceQuality "1"]
[TimeControl "5400+30"]

1. d4 d5 2. c4 e6 3. Nc3 Nf6 4. cxd5 exd5 5. Bg5 Bb4 6. e3 h6 7. Bh4 g5 8. Bg3 h5 9. Qb3 Bxc3+ {[%emt 0:01:18] White is slightly better.} 10. Qxc3 Nc6 11. Bd3 {[%emt 0:01:48] Black must now prevent h4.} h4 12. Be5 Ne4 13. Bxe4 Nxe5 14. Bc2 $36 {[%emt 0:00:11][%mdl 2048] White has good play.} Nc6 15. h3 Qe7 16. Nf3 Rh6 17. Rc1 Bd7 18. a3 (18. Bb3 $14) 18... f5 19. Qc5 $1 Rd6 20. Ba4 Qf6 21. Qc3 {[%emt 0:04:39] White is more active.} (21. Qc2 $16) 21... Re6 22. Bb3 g4 23. Ne5 Nxe5 24. dxe5 Rxe5 {[%emt 0:01:58] [#]} 25. hxg4 (25. Qxc7 $2 Rc8 26. Qxc8+ Bxc8 27. Rxc8+ Ke7 28. hxg4 fxg4 $19) 25... fxg4 {[%emt 0:05:29] [#]} 26. Rxh4 {[%emt 0:03:02] Hoping for Rh5.} d4 (26... c6 27. Rh5) 27. Qxd4 (27. Qxc7 $2 dxe3 $19 (27... Rc8 $2 28. Rh8+ Qxh8 29. Qxc8+ Bxc8 30. Rxc8+ Ke7 31. Rxh8 $18) (27... Rc8 $2 28. Rh8+ Qxh8 29. Qxc8+ Bxc8 30. Rxc8+ Ke7 31. Rxh8 $18)) 27... O-O-O 28. Rh5 Bf5 (28... Rf5 $16 29. Rxf5 (29. Qxg4 $2 Qxb2 $19) 29... Qxf5) 29. Qf4 $18 (29. Qxa7 $6 c6) 29... Kb8 {[%emt 0:01:54] [#]} 30. Rd1 ({Weaker is} 30. Bc2 Rc5 31. Rd1 (31. Rxf5 Qxb2 32. e4 Rxc2 $17) 31... Rxc2 $14 (31... Bxc2 $2 32. Qxf6 Rxd1+ 33. Ke2 $18)) (30. Rh7 $1 $18 {and the rest is easy.} g3 31. Rcxc7 (31. Rhxc7 Qd6 $18) 31... gxf2+ 32. Kxf2 Bxh7 33. Qxf6 Rf5+ 34. Qxf5 Bxf5 35. Rc3) 30... Rxd1+ $4 {[%emt 0:02:06][%mdl 8192] Loses the game.} (30... Rh8 $16 {is more resistant.} 31. Be6 Rxe6 (31... Rxh5 $2 {too greedy.} 32. Qxe5 Qf8 33. Qg7 $18) 32. Qxf5 Rf8 33. Qxf6 (33. Qxg4 $2 Qxf2#) 33... Rexf6) 31. Bxd1 Rd5 32. Qh6 (32. Bxg4 $2 {loses.} Qxb2 33. f3 Rc5 $19) (32. e4 $142 Rxd1+ 33. Kxd1 Qd4+ 34. Ke1) 32... Qe7 $2 (32... Qxh6 33. Rxh6 a6) 33. Bxg4 Rd8 34. Bxf5 Qc5 {[%emt 0:00:01] ( -> ...Qc1+)} 35. Ke2 Qd5 36. f3 (36. Qh8 $2 Qd1#) 36... Qe5 {[%emt 0:00:01] Dodges Qf6} 37. f4 Qxb2+ 38. Kf3 a5 39. Rh1 {[%emt 0:01:19] Rb1 is the strong threat.} Qxa3 40. Qf6 Rd2 41. Be4 {[%emt 0:00:57] Intending Rh8+ and mate.} Qa2 42. Rh8+ Ka7 {[%emt 0:00:09] [#]} 43. Ra8+ $3 {[%emt 0:00:08][%mdl 512] Weighted Error Value: White=0.23 (precise) /Black=0.58.  Loses game:     	---       	Black=1      Mistake:       	White=4     	Black=2      Inaccurate:     	White=1     	Black=8      OK:         	White=13    	Black=7      Best:        	White=1     	Black=3      Strong:       	White=1     	---        Brilliant:      	White=1     	---} 1-0

[Event "Pan-American Collegiate-ch 2025"]
[Site "Charlotte"]
[Date "2025.01.04"]
[Round "4.11"]
[White "Antipov, Mikhail Al."]
[Black "Kacharava, Nikolozi"]
[Result "1/2-1/2"]
[Annotator "TA"]
[ECO "C55"]
[WhiteElo "2577"]
[BlackElo "2524"]
[PlyCount "83"]
[EventDate "2025.01.02"]
[EventType "team-tourn"]
[EventCountry "USA"]
[SourceTitle "playchess.com"]
[Source "ChessBase"]
[SourceQuality "1"]
[TimeControl "5400+30"]

1. e4 e5 2. Nf3 Nc6 3. Bc4 Nf6 4. d3 Be7 5. Nc3 d6 6. a3 Bg4 7. Be3 Nd4 8. Bxd4 exd4 9. Nd5 Nxd5 10. Bxd5 c6 11. Bb3 O-O 12. O-O Qb6 13. h3 Be6 14. Nd2 d5 15. f4 f6 16. Qf3 Rfd8 17. Qf2 Bc5 18. Rae1 Bf7 19. Re2 a5 20. a4 Qb4 21. g4 b5 22. Ra1 $1 Re8 23. Kg2 Ra7 24. Qf3 (24. e5 $11) 24... Rae7 $15 25. h4 Bb6 26. Kh3 Kh8 27. f5 dxe4 28. Nxe4 Bxb3 29. cxb3 Qxb3 30. g5 (30. Rc1 $11) 30... c5 (30... bxa4 $17 31. gxf6 gxf6) 31. gxf6 ({White should play} 31. Rae1 $1 $14 Qd5 (31... bxa4 $2 32. Nxf6 Rxe2 33. Rxe2 $18) (31... c4 $2 32. Nd2 $18) 32. axb5 (32. gxf6 gxf6 33. axb5 Rg8 $11)) 31... gxf6 $11 32. Rg1 bxa4 (32... Qxa4 33. Nd6 Rg8 34. Rxg8+ Kxg8 35. Rg2+ (35. Rxe7 Kf8 36. Rf7+ Kg8 37. Qg4+ Kh8 38. Qg7#) 35... Kh8 36. Qa8+) 33. h5 $1 Bc7 (33... c4 34. Nd6 c3 35. Qb7 (35. Nxe8 Bd8 36. Rxe7 Bxe7 37. Qg3 Qf7 38. Nxf6 Qg6 39. hxg6 Kg7 40. gxh7+ Kxf6 41. h8=Q+ Kxf5 42. Qg4#) (35. Rxe7 Rg8 36. Qb7 Rxg1 37. Re8+ Rg8 38. h6 Bc7 39. Qxc7 Rxe8 40. Qg7#) 35... Re3+ 36. Rxe3 (36. Kh4 Rg8 $18) 36... Rxe3+ 37. Kh4) 34. h6 $1 Bf4 35. Rg4 $2 (35. Rg7 $11 {and White stays safe.} Bxh6 36. Nxf6 Kxg7 (36... Rxe2 37. Rxh7#) (36... Bxg7 $2 37. Rxe7 Rf8 38. Nh5 $18) 37. Nxe8+ Kf8 38. Nc7 (38. Rxe7 Kxe7 39. Qe4+ Kd7 $11) 38... Rxe2 (38... Rxc7 39. Qa8+ Kg7 40. f6+ Kxf6 41. Qf3+ Kg6 42. Qe4+ Kg7 43. Qe5+ Kg8 44. Rg2+ Kf8 45. Qxc7 $11) 39. Qxe2) 35... Bxh6 $19 36. Rh4 $2 (36. Nxc5 Rxe2 (36... Re3 37. Rxe3 Rxe3 38. Qxe3 $16) 37. Nxb3) 36... c4 $19 37. Rxh6 Qxd3 $2 (37... cxd3 38. Re1 Qb7 (38... Qxb2 39. Nxf6 Qd2 40. Rxe7 $16) (38... d2 $2 39. Nxd2 Re3 40. Rxe3 $19) 39. Rxf6 Rxe4 40. Rf8+ Rxf8 41. Qxe4 Qxe4 (41... Qxb2 42. Qe5+ Kg8 43. Rg1+) 42. Rxe4 Rd8 (42... Rxf5 $2 43. Rxd4 Rb5 44. Rd8+ Kg7 45. Kg4 $19)) 38. Kg2 $19 Rxe4 $2 ({Better is} 38... a3 $19 39. bxa3 Rg8+ (39... Rxe4 40. Rxh7+ Kxh7 41. Qh5+ Kg7 42. Qg6+ Kf8 43. Qxf6+ Kg8 44. Qg6+ Kf8 45. Qf6+ Kg8 46. Qg6+ Kf8 47. Qf6+ $11) 40. Kf2 Qb1) 39. Rxh7+ $1 $11 Kxh7 (39... Kg8 $5 40. Rh8+ $8 Kxh8 41. Qh5+ Kg7 42. Qg6+ Kh8 43. Qxf6+ Kg8 44. Qg6+ Kh8 45. Qh5+ Kg8 46. Qg6+ $11) 40. Qh5+ Kg7 41. Qg6+ Kf8 42. Qxf6+ 1/2-1/2